Map: 에코 - 래더 (공허)

Players

Beastyqt

  • Race: Terran Terran
  • Spawn Location: 11:00

Maru - Winner!

  • Race: Terran Terran
  • League: Diamond
  • Spawn Location: 5:00

Event: WESG 2016 Finals

VOD

Have the link to the VOD?

Description

Time

  • Played on: Jan. 12, 2017, 2:45 a.m.
  • Length: 3:56

All games in this series

Show
View Real Time Build Order
Export as new Build Order

Beastyqt Terran 

Build Orders:  

Get SALT Encoding   

  12  0:00  SCV  
  13  0:12  SCV  
  14  0:18  Supply Depot  
  14  0:24  SCV  
  15  0:40  SCV  
  15  0:41  Barracks  
  16  0:48  Refinery  
  16  0:52  SCV  
  17  1:07  Barracks  
  17  1:08  SCV  
  18  1:21  SCV  
  18  1:22  Refinery  
  19  1:29  Barracks Tech Lab  
  19  1:35  Orbital Command  
  19  1:49  Marauder  
  19  1:53  Supply Depot  
  21  1:57  Barracks Tech Lab  
  21  2:00  Concussive Shells  
  21  2:05  SCV  
  22  2:15  Marauder  
  24  2:22  Bunker  
  26  2:32  SCV  
  25  2:37  Marauder  
  27  2:47  Factory  
  25  2:57  SCV  
  24  3:08  Marauder  
  25  3:16  SCV  
  22  3:28  SCV  
  22  3:31  Marauder  
Show
View Real Time Build Order
Export as new Build Order

Maru Terran - Winner!

Build Orders: 1/1/1, Cyclone Opening 

Get SALT Encoding   

  12  0:01  SCV  
  13  0:13  SCV  
  14  0:16  Supply Depot  
  14  0:25  SCV  
  14  0:27  Refinery  
  15  0:38  SCV  
  16  0:43  Barracks  
  16  0:50  SCV  
  16  0:54  Refinery  
  17  1:02  SCV  
  18  1:14  SCV  
  19  1:30  Orbital Command  
  19  1:31  Reaper  
  20  1:33  Factory  
  20  1:55  Bunker  
  20  1:56  SCV, Supply Depot  
  21  2:02  Marine  
  22  2:08  SCV  
  23  2:18  Cyclone  
  23  2:20  Marine  
  26  2:27  Starport  
  26  2:30  SCV  
  27  2:39  Marine, Supply Depot  
  28  2:44  SCV  
  28  2:51  Factory Tech Lab  
  29  2:56  SCV  
  30  3:01  Supply Depot  
  30  3:19  Marine, SCV  
  31  3:21  Siege Tank  
  33  3:31  SCV  
  33  3:35  Starport Tech Lab  
  33  3:43  SCV  
Tags
 
Add a new tag
Caveats
  • Supply blocks, unpowered buildings, or Contaminate may cause inaccurate times.
  • Supply counts are checked every 10 seconds.